 Dungeon Crawl Stone Soup version 0.23.1 (webtiles) character file.

Game seed: 0

646 redwoodhats the Stinger (level 7, -1/48 HPs)
             Began as a Demonspawn Venom Mage on Mar 14, 2019.
             Was a Follower of Kikubaaqudgha.
             Killed from afar by mralvaruus's ghost (8 damage)
             ... with a puff of flame
             ... on level 3 of the Dungeon on Mar 16, 2019.
             The game lasted 00:32:44 (6097 turns).

redwoodhats the Stinger (Demonspawn Venom Mage)     Turns: 6097, Time: 00:32:46

Health: -1/48      AC:  4    Str:  9    XL:     7   Next: 27%
Magic:  10/13      EV: 13    Int: 18    God:    Kikubaaqudgha [*.....]
Gold:   197        SH:  0    Dex: 13    Spells: 3/14 levels left

rFire    . . .     SeeInvis .   o - +1 flail (venom)
rCold    . . .     Gourm    .   (no shield)
rNeg     . . .     Faith    .   a - +1 robe
rPois    +         Spirit   .   l - +0 helmet
rElec    .         Reflect  .   (no cloak)
rCorr    .         Harm     .   (no gloves)
MR       .....                  (no boots)
Stlth    ++........             (no amulet)
HPRegen  0.16/turn              i - ring of poison resistance
MPRegen  0.13/turn              (no ring)

@: about to teleport, very slightly contaminated
A: claws 2, spiny 3
a: Receive Corpses, Renounce Religion


You were on level 3 of the Dungeon.
You worshipped Kikubaaqudgha.
Kikubaaqudgha was aware of your devotion.
You were not hungry.

You visited 1 branch of the dungeon, and saw 4 of its levels.

You collected 197 gold pieces.

Inventory:

Hand Weapons
 d - a +0 blowgun
 e - a +0 spear
 k - a +0 rapier
 o - a +1 flail of venom (weapon)
 s - a +2 mace of protection
 y - a +1 dagger of chaos
Missiles
 b - 74 sling bullets
 f - 8 poisoned needles
 n - a throwing net (quivered)
 x - 5 tomahawks
Armour
 a - a +1 robe (worn)
 l - a +0 helmet (worn)
Jewellery
 g - a cursed amulet of inaccuracy
 i - a ring of poison resistance (left claw)
Scrolls
 j - 3 scrolls of identify
 m - 3 scrolls of remove curse
 q - a scroll of enchant armour
 t - a scroll of amnesia {unknown}
 w - a scroll of immolation {unknown}
Potions
 r - a potion of degeneration
 v - a potion of lignification
Comestibles
 c - 5 rations


   Skills:
 + Level 1.4 Fighting
 + Level 0.3 Short Blades
 + Level 1.7 Maces & Flails
 + Level 0.4 Polearms
 + Level 2.7 Dodging
 + Level 2.6 Stealth
 + Level 1.5 Unarmed Combat
 + Level 4.0 Spellcasting
 + Level 2.8 Conjurations
 + Level 0.3 Air Magic
 + Level 4.7 Poison Magic


You had 3 spell levels left.
You knew the following spells:

 Your Spells              Type           Power        Failure   Level  Hunger
a - Sting                 Conj/Pois      ###.         3%          1    None
b - Mephitic Cloud        Conj/Pois/Air  ##......     14%         3    ###....
c - Olgreb's Toxic Radia  Pois           ###.....     22%         4    ####...
d - Corpse Rot            Necr           N/A          22%         2    ##.....
e - Pain                  Necr           #...         14%         1    None

Your spell library contained the following spells:

 Spells                   Type           Power        Failure   Level  Hunger
 Poisonous Vapours        Pois/Air       ##....       8%          2    ##.....
 Sublimation of Blood     Necr           #.........   22%         2    ##.....
 Regeneration             Chrm/Necr      #.........   41%         3    ###....
 Venom Bolt               Conj/Pois      ###.......   65%         5    ######.


Dungeon Overview and Level Annotations

Branches:
Dungeon (4/15)
 Temple: D:4-7

Altars:
Dithmenos
Gozag
Kikubaaqudgha
Makhleb
Vehumet
Wu Jian
Xom
The Shining One

Annotations:
D:3 mralvaruus's ghost, amateur DEFE


Innate Abilities, Weirdness & Mutations

You have very sharp fingernails.
You are completely covered in sharp spines.


Message History

The water moccasin skeleton bites you but does no damage.
Mralvaruus's ghost gestures at you while chanting.
The flame tongue hits you! The phantom hits you.
The water moccasin skeleton is struck by your spines.
The water moccasin skeleton bites you.
Mralvaruus's ghost shrieks, "Death is your only future!"
Mralvaruus's ghost gestures at you while chanting.
The puff of flame hits you!
* * * LOW HITPOINT WARNING * * *
You feel better.
The water moccasin skeleton completely misses you.
The phantom blinks!
Mralvaruus's ghost hits you.
* * * LOW HITPOINT WARNING * * *
As you read the scroll of teleportation, it crumbles to dust.
You feel strangely unstable. The water moccasin skeleton bites you.
* * * LOW HITPOINT WARNING * * *
Mralvaruus's ghost gestures at you while chanting.
The puff of flame hits you!
You die...
Kikubaaqudgha rasps: "You have failed me!
Welcome... death!"

#.###.........########'##
#.##...............###.#
#.##)#############.....#
#.##.#©..........#..##.##
#.##.#...........#..#...####
#.##.#..###.###..#..........
######.##.#..#8#.#8#..#..........
..........#......W....#...#......
#######..©#)....@§W...#©..#......
##..#[.....Z....#..##......
##.#..#8#.#8#..#.......... ###
#.#..###.###..#.###......
..#######.#.....%.....#.# #.#####
#.......#.#...........#.# #.#
##.####.#.#############.# #.#
.#.####.#...............###.#
##....#.####.............##.#####


You could see a phantom, mralvaruus's ghost and a water moccasin skeleton.

Vanquished Creatures
  Edmund (D:4)
  A phantom (D:4)
  A howler monkey (D:4)
  A crimson imp (D:4)
  A hound (D:4)
  An iguana (D:4)
  10 gnolls
  6 adders
  2 oozes
  2 adder skeletons
  4 worms
  2 dart slugs
  6 leopard geckos
  9 orcs
  10 giant cockroaches
  14 goblins
  14 hobgoblins
  9 jackals
  5 quokkas
  A ball python skeleton (D:4)
  8 bats
  5 frilled lizards
  9 kobolds
  11 rats
133 creatures vanquished.

Notes
Turn   | Place    | Note
-------+----------+-------------------------------------------
     0 | D:1      | redwoodhats the Demonspawn Venom Mage began the quest for
                  | the Orb.
     0 | D:1      | Reached XP level 1. HP: 13/13 MP: 3/3
   957 | D:1      | Gained mutation: You are partially covered in sharp spines.
                  | [demonic ancestry]
   957 | D:1      | Reached XP level 2. HP: 15/19 MP: 1/5
  1141 | D:1      | Gained mutation: You have sharp fingernails. [demonic
                  | ancestry]
  1141 | D:1      | Reached XP level 3. HP: 21/24 MP: 0/6
  1631 | D:1      | Learned a level 3 spell: Mephitic Cloud
  2378 | D:2      | Gained mutation: You are mostly covered in sharp spines.
                  | [demonic ancestry]
  2378 | D:2      | Reached XP level 4. HP: 30/30 MP: 3/7
  2920 | D:3      | Noticed a phantom
  2926 | D:3      | Found a transporter.
  2979 | D:3      | Reached skill level 1 in Unarmed Combat
  3048 | D:3      | Found a transporter.
  3049 | D:3      | Noticed mralvaruus's ghost (amateur DEFE)
  3120 | D:3      | Reached XP level 5. HP: 30/35 MP: 4/8
  3265 | D:3      | Found a shadowy altar of Dithmenos.
  3269 | D:3      | Found a radiant altar of Vehumet.
  3271 | D:3      | Found an ancient bone altar of Kikubaaqudgha.
  3271 | D:3      | Found a glowing golden altar of the Shining One.
  3271 | D:3      | Found an opulent altar of Gozag.
  3327 | D:3      | Became a worshipper of Kikubaaqudgha
  4190 | D:3      | Learned a level 4 spell: Olgreb's Toxic Radiance
  4332 | D:3      | Reached * piety under Kikubaaqudgha
  4332 | D:3      | Identified Kikubaaqudgha's Volume of Sinister Arts
                  | (Kikubaaqudgha gifted it to you on level 3 of the Dungeon)
  4332 | D:3      | Received a gift from Kikubaaqudgha
  4386 | D:3      | Learned a level 2 spell: Corpse Rot
  4572 | D:3      | Gained mutation: You have very sharp fingernails. [demonic
                  | ancestry]
  4572 | D:3      | Reached XP level 6. HP: 41/41 MP: 5/10
  4789 | D:4      | Noticed Edmund
  4804 | D:4      | Killed Edmund
  5158 | D:4      | Reached skill level 1 in Maces & Flails
  5383 | D:4      | Reached skill level 1 in Fighting
  5383 | D:4      | Gained mutation: You are completely covered in sharp
                  | spines. [demonic ancestry]
  5383 | D:4      | Reached XP level 7. HP: 43/48 MP: 12/12
  5766 | D:4      | Found an ornate altar of the Wu Jian Council.
  5814 | D:4      | Found a burning altar of Makhleb.
  5814 | D:4      | Found a shimmering altar of Xom.
  5867 | D:4      | Learned a level 1 spell: Pain
  6097 | D:3      | Killed from afar by mralvaruus's ghost

Skill      XL: |  1  2  3  4  5  6  7 |
---------------+----------------------+-----
Dodging        | 2 |  2.7
Poison Magic   | 4 |  4.7
Stealth        | 2 |  2.6
Unarmed Combat | 1 |  1.5
Spellcasting   | 3 4 |  4.0
Conjurations   | 2 |  2.8
Maces & Flails | 1 |  1.7
Fighting       | 1 |  1.4
Short Blades   | |  0.3
Polearms       | |  0.4
Air Magic      | |  0.3

Action                   |  1- 3 |  4- 6 |  7- 9 || total
-------------------------+-------+-------+-------++-------
Melee: Unarmed           |     4 |    89 |       ||    93
       Spear             |    41 |       |       ||    41
       Rapier            |       |    15 |       ||    15
       Mace              |       |    13 |       ||    13
       Flail             |       |    10 |    20 ||    30
 Cast: Sting             |    63 |    94 |     2 ||   159
       Mephitic Cloud    |       |     7 |       ||     7
       Corpse Rot        |       |     1 |       ||     1
       Olgreb's Toxic Ra |       |     2 |       ||     2
  Use: Potion            |     3 |     3 |     2 ||     8
       Scroll            |     2 |     6 |     1 ||     9
 Stab: Sleeping          |     1 |     4 |       ||     5
       Confused          |       |     3 |       ||     3
  Eat: Chunk             |     1 |     5 |       ||     6
       Ration            |     2 |     1 |     1 ||     4
Armor: Robe              |     8 |    12 |     8 ||    28
Dodge: Dodged            |    45 |    70 |    15 ||   130
